 Dungeon Crawl Stone Soup version 0.27-a0-1291-geefcff550b (webtiles) character file.

Game seed: 10077519337479539489

50 Southy the Skirmisher (level 3, 0/24 HPs)
             Began as a Gargoyle Fighter on June 15, 2021.
             Slain by Robin (7 damage)
             ... on level 2 of the Dungeon.
             The game lasted 00:09:42 (1669 turns).

Southy the Skirmisher (Gargoyle Fighter)            Turns: 1669, Time: 00:09:43

Health: 0/24       AC: 11    Str: 26    XL:     3   Next: 79%
Magic:  3/3        EV:  8    Int:  8    God:
Gold:   75         SH:  9    Dex:  9    Spells: 2/2 levels left

rFire    . . .     SeeInvis .   a - +0 flail
rCold    . . .     Faith    .   c - +0 kite shield
rNeg     + . .     Spirit   .   b - +1 scale mail
rPois    ∞         Reflect  .   (no helmet)
rElec    +         Harm     .   (no cloak)
rCorr    .         Rampage  .   (no gloves)
Will     .....                  (no boots)
Stlth    ..........             (no amulet)
HPRegen  0.08/turn              n - +6 ring of strength
MPRegen  0.08/turn              (no ring)

@: no status effects
A: sickness immunity, AC +3, negative energy resistance 1, electricity
resistance, torment resistance 1, petrification resistance
a: no special abilities


You were on level 2 of the Dungeon.
You visited 1 branch of the dungeon, and saw 2 of its levels.

You collected 75 gold pieces.

Inventory:

Hand Weapons
 a - a +0 flail (weapon)
 h - a +0 short sword
Missiles
 e - 58 stones (quivered)
 j - 32 poisoned darts
Armour
 b - a +1 scale mail (worn)
 c - a +0 kite shield (worn)
 f - a +0 leather armour
Jewellery
 g - a ring of wizardry
 n - a +6 ring of strength (left hand)
Scrolls
 k - 2 scrolls of teleportation {unknown}
 l - 2 scrolls of identify {unknown}
 m - a scroll of acquirement {unknown}
 o - a scroll of fear {unknown}
 q - a scroll of magic mapping {unknown}
Potions
 d - a potion of might
 p - a potion of flight {unknown}


   Skills:
 * Level 3.8 Fighting
 * Level 2.7 Maces & Flails
 + Level 3.5 Armour
 + Level 0.8 Dodging
 + Level 3.6 Shields


You had 2 spell levels left.
You didn't know any spells.
Your spell library was empty.

Dungeon Overview and Level Annotations

Branches:
Dungeon (2/15)

Altars:

Annotations:
D:2 Robin


Innate Abilities, Weirdness & Mutations

You are immune to sickness and miasma.
Your stone body is resilient. (AC +3)
You are immune to poison.
You resist negative energy. (rN+)
You are resistant to electric shocks. (rElec)
You are resistant to unholy torment.
You are immune to petrification.


Message History

You block the goblin's attack. x2; The adder closely misses you.
The quokka barely misses you.
You hit the goblin.
The goblin is severely wounded.
The goblin barely misses you. You block the goblin's attack.
You block the adder's attack. The goblin hits you but does no damage.
The quokka bites you but does no damage.
The goblin hits you with a +0 club. The goblin hits you but does no damage.
You sock the goblin!
You kill the goblin!
The adder bites you but does no damage. You block the quokka's attack.
The adder closely misses you. You block the quokka's attack.
You block the adder's attack.
You sock the goblin!
You kill the goblin!
The goblin no longer looks unusually strong.
The quokka bites you.
Robin roars a battlecry!
The goblin goes into a battle-frenzy!
The goblin hits you but does no damage. x2; The adder barely misses you.
You block the quokka's attack. The goblin hits you with a +0 club.
* * * LOW HITPOINT WARNING * * *
You are too injured to fight recklessly!
As you read the scroll labelled BAWOXIZORRA, it crumbles to dust.
It is a scroll of enchant armour.
Your +0 scale mail glows green for a moment.
You block the adder's attack.
The quokka bites you but does no damage.
You block the adder's attack. The goblin barely misses you.
You block the goblin's attack.
You closely miss the goblin.
The goblin no longer looks unusually strong. x2
The quokka bites you but does no damage.
The adder closely misses you. You block Robin's attack.
The goblin hits you but does no damage. You block the goblin's attack.
The quokka barely misses you. The adder bites you but does no damage.
You hit the goblin.
The goblin is severely wounded.
Robin hits you with a +5 whip of venom!
You die...

#####...# #.##.)†.).....##.#
#...# #.......#.#.####.# #...#
####..###.#......## #...#
####..###.#.......#
.####...#####......##.#.......#
...............#...##.#.......#
...................##.........#
............÷..#gr.####.......#
..###...#####.##@g.# #.......#
#. #...# #.##Sg.# #.......# .
.....# #..Sg..# #########
.....(# ####.### ≈.....# #..
##.# .. ... .g.


You could see Robin, an adder, a quokka, 3 goblins and a ball python.

Vanquished Creatures
  A dart slug (D:1)
  4 endoplasms
  A giant cockroach (D:1)
  10 goblins
  4 hobgoblins
  3 jackals (D:1)
  6 kobolds
  2 quokkas
  5 ball pythons
  3 bats (D:1)
  A frilled lizard (D:1)
  4 rats
44 creatures vanquished.

Notes
Turn   | Place    | Note
-------+----------+-------------------------------------------
     0 | D:1      | Southy the Gargoyle Fighter began the quest for the Orb.
     0 | D:1      | Reached XP level 1. HP: 14/14 MP: 1/1
    82 | D:1      | Reached XP level 2. HP: 9/19 MP: 2/2
   680 | D:1      | Reached XP level 3. HP: 18/23 MP: 3/3
  1657 | D:2      | Noticed Robin
  1669 | D:2      | Slain by Robin

Illustrated notes

Levels and vault maps discovered:
D:1:      dpeg_arrival_simpleton_a, layout_basic
D:2:      layout_loops_cross, chequers_ecumenical_altar_island,
          serial_park_tiny_pond, minmay_hexomino_f4, uniq_robin, uniq_natasha

Action                   || total
-------------------------++-------
Melee: Flail             ||   121
  Use: Scroll            ||     1
Armor: Scale mail        ||   112
Dodge: Dodged            ||    54
Block: Kite shield       ||    97

Table legend: (Time is in decaauts)
 A = Elapsed time spent in this place.
 B = Non-inter-level travel time spent in this place.
 C = Inter-level travel time spent in this place.
 D = Time resting spent in this place.
 E = Time spent auto-exploring this place.
 F = Levels seen in this place.
 G = Mean time per level.
                   A        B        C        D        E       F      G
               +--------+--------+--------+--------+--------+-----+--------+
         Total |   1730 |   1705 |     25 |    274 |    961 |   2 |  865.0 |
       Dungeon |   1730 |   1705 |     25 |    274 |    961 |   2 |  865.0 |
               +--------+--------+--------+--------+--------+-----+--------+

Top non-repeatable levels by time:
     D:1: 1297 daAuts
     D:2: 433 daAuts
